 Dungeon Crawl Stone Soup version 0.29-a0-270-g1586fc07ea (webtiles) character file.

Game seed: 12525606268246330048

676 bearlyready the Quickloader (level 7, 0/40 HPs)
             Began as a Kobold Hunter on Mar 7, 2022.
             Was an Initiate of Yredelemnul.
             Slain by Menkaure (20 damage)
             ... on level 4 of the Dungeon.
             The game lasted 00:10:55 (5352 turns).

bearlyready the Quickloader (Kobold Hunter)         Turns: 5352, Time: 00:10:56

Health: 0/40       AC:  6    Str:  8 (9)  XL:     7   Next: 91%
Magic:  7/7        EV: 15    Int: 11 (13) God:    Yredelemnul [......]
Gold:   155        SH:  0    Dex: 15 (17) Spells: 3/6 levels left

rFire   . . .      SeeInvis .   a - +1 hand crossbow
rCold   . . .      Faith    .   (no shield)
rNeg    . . .      Spirit   .   b - +0 leather armour
rPois   .          Reflect  .   (no helmet)
rElec   .          Harm     .   (no cloak)
rCorr   .          Rampage  .   (no gloves)
Will    .....                   l - +2 pair of boots
Stlth   ++++......              (no amulet)
HPRegen 0.13/turn               (no ring)
MPRegen 0.10/turn               (no ring)

@: no status effects
A: small, no large weapons, nightstalker 3
a: Renounce Religion, Recall Undead Harvest


You were on level 4 of the Dungeon.
You worshipped Yredelemnul.
Yredelemnul was noncommittal.
You visited 2 branches of the dungeon, and saw 6 of its levels.

You collected 155 gold pieces.

Inventory:

Hand Weapons
 a - a +1 hand crossbow (weapon)
 q - a +0 dagger of venom
 s - the +1 hunting sling of Disorder {venom, +Blink Will- rCorr Stlth-}
   (You found it on level 3 of the Dungeon)

   Any ammunition fired from it poisons the flesh of those it strikes.
   +Blink:    It lets you blink.
   rCorr:     It protects you from acid and corrosion.
   Will:      It decreases your willpower.
   Stlth:     It makes you less stealthy.
 v - a +0 hand crossbow
Missiles
 e - 159 stones
 j - 2 poisoned darts
Armour
 b - a +0 leather armour (worn)
 l - a +2 pair of boots (worn)
Scrolls
 c - a scroll of immolation
 d - 6 scrolls of identify {unknown}
 f - a scroll of enchant weapon {unknown}
 i - a scroll of teleportation
 k - 3 scrolls of blinking {unknown}
 n - 2 scrolls of fog {unknown}
 p - a scroll of magic mapping {unknown}
 r - a scroll of vulnerability {unknown}
 t - a scroll of silence {unknown}
Potions
 g - 2 potions of curing {unknown}
 h - a potion of degeneration
 m - a potion of attraction {unknown}
 o - a potion of brilliance {unknown}


   Skills:
 - Level 2.1 Fighting
 + Level 9.5 Crossbows
 - Level 4.0 Dodging
 - Level 6.0 Stealth
 + Level 1.0 Hexes
 + Level 1.0 Translocations


You had 3 spell levels left.
You knew the following spells:

 Your Spells              Type           Power      Damage    Failure   Level
a - Portal Projectile     Hex/Tloc       4%         N/A       71%         3

Your spell library contained the following spells:

 Spells                   Type           Power      Damage    Failure   Level
 Inner Flame              Hex/Fire       1%         N/A       77%         3
 Mephitic Cloud           Conj/Pois/Air  0%         N/A       83%         3
 Cause Fear               Hex            1%         N/A       98%         4
 Alistair's Intoxication  Tmut/Pois      0%         N/A       100%        5
 Borgnjor's Vile Clutch   Necr/Erth      0%         N/A       100%        5
 Silence                  Hex/Air        0%         N/A       100%        5
 Eringya's Noxious Bog    Tmut/Pois      0%         N/A       100%        6
 Discord                  Hex            1%         N/A       100%        8


Dungeon Overview and Level Annotations

Branches:
Dungeon (5/15)             Temple (1/1) D:5

Altars:
Dithmenos
Elyvilon
Hepliaklqana
Kikubaaqudgha
Makhleb
Qazlal
Sif Muna
Trog
Uskayaw
Vehumet
Wu Jian
Xom
Yredelemnul
Zin
The Shining One

Annotations:
D:4 Menkaure, Pikel
D:5 Prince Ribbit


Innate Abilities, Weirdness & Mutations

You are small and have problems with some larger weapons.
You are completely attuned to the shadows.


Message History

The bullfrog hits you but does no damage. x2
You shoot a bolt. The bolt closely misses the bullfrog.
Menkaure shouts!
You hear a shout!
The bullfrog closely misses you.
The bullfrog hits you but does no damage.
You shoot a bolt. The bolt closely misses the bullfrog.
The bolt barely misses Menkaure.
The bullfrog hits you.
Aiming: Charm
Press: ? - help, Shift-Dir - straight line, f/p - bullfrog
Aim: a bullfrog (heavily wounded, chance to affect: 49%)
The bullfrog resists with some effort.
The bullfrog barely misses you. The bullfrog closely misses you.
Aiming: Charm
Press: ? - help, Shift-Dir - straight line, f/p - bullfrog
Aim: a bullfrog (heavily wounded, chance to affect: 49%)
The bullfrog resists with some effort.
The now-empty wand crumbles to dust.
Menkaure casts a spell.
Menkaure seems to speed up.
The bullfrog hits you but does no damage.
You aren't carrying any items that you can evoke.
The bullfrog hits you but does no damage.
Menkaure calls on the powers of darkness!
The bullfrog convulses!
Your body is wracked with pain!
The bullfrog barely misses you.
Shoot: a) +1 hand crossbow
Press: ? - help, Q - select action, (/) - cycle Shift-Dir - straight line, f/p - bullfrog
Aim: a bullfrog (severely wounded, 61% to hit)
Okay, then.
Okay, then.
Unknown command.
It was a potion of degeneration.
There was something very wrong with that liquid.
You feel weakened.
You feel dopey.
You feel clumsy.
Menkaure points at you and mumbles some strange words.
You struggle to resist.
The bullfrog hits you but does no damage.
Menkaure hits you!!
Ouch! That really hurt!
You die...
Your body rises from the dead as a mindless zombie.

#....##......
##............
#..............
##..................
##...................
##....................
###.....................
##..................<....
................@........
................FM.......
#........................
#........................
#........................
#.................#######
#..............####
##..........#..#
..###########..#


You could see Menkaure (fast) and a bullfrog.

Vanquished Creatures
  Grinder (D:5)
  2 scorpions (D:5)
  A jelly (D:4)
  A gnoll shaman (D:5)
  3 iguanas
  An orc wizard (D:5)
  5 gnolls
  5 adders
  A shadow imp (D:5)
  An ufetubus (D:5)
  5 worms
  3 dart slugs (D:1)
  8 orcs
  An endoplasm (D:1)
  3 giant cockroaches
  7 goblins
  7 hobgoblins
  5 jackals
  4 kobolds
  6 ball pythons
  4 bats
  A frilled lizard (D:1)
  2 rats (D:3)
77 creatures vanquished.

Vanquished Creatures (collateral kills)
  A gnoll (D:5)
1 creature vanquished.

Vanquished Creatures (others)
  A scorpion zombie (D:5)
  2 gnoll zombies (D:5)
3 creatures vanquished.

Grand Total: 81 creatures vanquished

Notes
Turn   | Place    | Note
-------+----------+-------------------------------------------
     0 | D:1      | bearlyready the Kobold Hunter began the quest for the Orb.
     0 | D:1      | Reached XP level 1. HP: 12/12 MP: 1/1
   299 | D:1      | Reached XP level 2. HP: 15/17 MP: 2/2
   384 | D:1      | Reached skill level 6 in Crossbows
   446 | D:1      | Found a faded altar of an unknown god.
   774 | D:1      | Reached XP level 3. HP: 21/21 MP: 3/3
  1611 | D:2      | Reached skill level 7 in Crossbows
  1809 | D:2      | Reached XP level 4. HP: 5/26 MP: 4/4
  1812 | D:2      | HP: 1/26 [poisoned by an adder]
  2513 | D:3      | Got the Grimoire of the Floating Voyage
  2874 | D:3      | Identified the +1 hunting sling of Disorder {venom, +Blink
                  | Will- rCorr Stlth-}
  3115 | D:3      | Reached XP level 5. HP: 25/30 MP: 5/5
  3327 | D:4      | Reached skill level 8 in Crossbows
  3374 | D:4      | Noticed Menkaure
  3429 | D:4      | Noticed Pikel
  3429 | D:4      | Noticed a lemure
  3429 | D:4      | Noticed a lemure
  3429 | D:4      | Noticed a lemure
  3429 | D:4      | Noticed a lemure
  3659 | D:4      | Reached XP level 6. HP: 34/35 MP: 6/6
  3850 | D:5      | Entered Level 5 of the Dungeon
  4294 | D:5      | Found a staircase to the Ecumenical Temple.
  4311 | Temple   | Entered the Ecumenical Temple
  4548 | Temple   | Learned a level 3 spell: Portal Projectile
  4572 | Temple   | Became a worshipper of Yredelemnul the Dark
  4608 | D:5      | Noticed Grinder
  4609 | D:5      | Paralysed by Grinder for 5 turns
  4618 | D:5      | Paralysed by Grinder for 3 turns
  4621 | D:5      | Killed Grinder
  4622 | D:5      | Reached skill level 9 in Crossbows
  4622 | D:5      | Reached skill level 5 in Stealth
  4622 | D:5      | Reached XP level 7. HP: 28/40 MP: 7/7
  4836 | D:5      | Reached * piety under Yredelemnul
  4880 | D:5      | Reached skill level 1 in Hexes
  4880 | D:5      | Reached skill level 1 in Translocations
  5034 | D:5      | Noticed Prince Ribbit
  5352 | D:4      | Slain by Menkaure

Illustrated notes

Levels and vault maps discovered:
D:1:      mainiacjoe_arrival_reflecting_pool, layout_basic,
          hellmonk_ecumenical_altar_prayer_group, nrook_loot_triangle,
          hangedman_decor_growths
D:2:      layout_basic
D:3:      layout_rooms
D:4:      layout_layer_cave, minivault_14, uniq_pikel, uniq_menkaure
D:5:      layout_loops_ring, minmay_temple_entry_butterflies, uniq_grinder,
          uniq_prince_ribbit1
Temple:   regret_index_temple_generic_petals

Skill      XL: |  1  2  3  4  5  6  7 |
---------------+----------------------+-----
Crossbows      | 6 7 8 9 |  9.5
Stealth        | 3 5 6 |  6.0
Dodging        | 3 4 |  4.0
Hexes          | 1 |  1.0
Translocations | 1 |  1.0
Fighting       | |  2.1

Action                   |  1- 3 |  4- 6 |  7- 9 || total
-------------------------+-------+-------+-------++-------
 Fire: Hand crossbow     |    90 |   136 |    59 ||   285
Evoke: Wand              |       |     5 |     7 ||    12
  Use: Scroll            |       |     1 |     1 ||     2
       Potion            |       |       |     1 ||     1
Armor: Leather armour    |     6 |    17 |    15 ||    38
Dodge: Dodged            |    27 |    43 |    34 ||   104

Table legend: (Time is in decaauts)
 A = Elapsed time spent in this place.
 B = Non-inter-level travel time spent in this place.
 C = Inter-level travel time spent in this place.
 D = Time resting spent in this place.
 E = Time spent auto-exploring this place.
 F = Levels seen in this place.
 G = Mean time per level.
                   A        B        C        D        E       F      G
               +--------+--------+--------+--------+--------+-----+--------+
         Total |   5397 |   5222 |    175 |    597 |   3953 |   6 |  899.5 |
       Dungeon |   5111 |   4983 |    128 |    597 |   3732 |   5 | 1022.2 |
        Temple |    285 |    238 |     47 |      0 |    221 |   1 |  285.0 |
               +--------+--------+--------+--------+--------+-----+--------+

Top non-repeatable levels by time:
     D:2: 1515 daAuts
     D:3: 1031 daAuts
     D:1: 951 daAuts
     D:5: 937 daAuts
     D:4: 675 daAuts
  Temple: 285 daAuts
